 Dungeon Crawl Stone Soup version 0.28-b1-25-g9875b3fc8c (webtiles) character file.

Game seed: 9985915068610067966

112 sanka the Ducker (level 4, -1/28 HPs)
             Began as a Tengu Enchanter on Feb 5, 2022.
             Slain by an orc (2 damage)
             ... on level 3 of the Dungeon.
             The game lasted 00:03:14 (3750 turns).

sanka the Ducker (Tengu Enchanter)                  Turns: 3750, Time: 00:03:15

Health: -1/28      AC:  2    Str:  9    XL:     4   Next: 93%
Magic:  8/8        EV: 13    Int: 17    God:
Gold:   53         SH:  0    Dex: 14    Spells: 7/7 levels left

rFire   . . .      SeeInvis .   n - +2 whip (elec)
rCold   . . .      Faith    .   (no shield)
rNeg    . . .      Spirit   .   b - +0 robe
rPois   .          Reflect  .   (helmet restricted)
rElec   .          Harm     .   (no cloak)
rCorr   .          Rampage  .   (no gloves)
Will    .....                   (boots unavailable)
Stlth   ++........              (no amulet)
HPRegen 0.09/turn               (no ring)
MPRegen 0.11/turn               (no ring)

@: no status effects
A: beak, talons 3
a: no special abilities


You were on level 3 of the Dungeon.
You visited 1 branch of the dungeon, and saw 3 of its levels.

You collected 53 gold pieces.

Inventory:

Hand Weapons
 a - a +1 dagger
 k - a +4 whip
 n - a +2 whip of electrocution (weapon)
Armour
 b - a +0 robe (worn)
Scrolls
 d - 2 scrolls of blinking {unknown}
 e - a scroll of identify {unknown}
 f - a scroll of teleportation {unknown}
 j - a scroll of immolation {unknown}
 m - a scroll of vulnerability {unknown}
Potions
 c - a potion of invisibility
 g - 3 potions of curing {unknown}
 h - a potion of mutation {unknown}
 i - a potion of lignification {unknown}
 l - a potion of brilliance {unknown}


   Skills:
 + Level 3.0 Fighting
 - Level 1.1 Short Blades
 + Level 4.1 Dodging
 - Level 3.0 Stealth
 - Level 2.0 Spellcasting
 - Level 2.1 Hexes


You had 7 spell levels left.
You didn't know any spells.
Your spell library contained the following spells:

 Spells                   Type           Power      Damage    Failure   Level
 Ensorcelled Hibernation  Hex/Ice        10%        N/A       19%         2
 Confusing Touch          Hex            9%         N/A       24%         3
 Tukima's Dance           Hex            9%         N/A       24%         3
 Dazzling Flash           Conj/Hex       10%        N/A       36%         3


Dungeon Overview and Level Annotations

Branches:
Dungeon (3/15)

Altars:
Dithmenos
Okawaru


Innate Abilities, Weirdness & Mutations

You have a beak for a mouth.
You have claws for feet.


Message History

The orc barely misses you.
You closely miss the orc. Your kick misses the orc. You hit the orc.
You claw the orc.
You kill the orc!
The orc closely misses you.
Your Fighting skill increases to level 3!
You hit the orc but do no damage. You claw the orc, but do no damage.
The orc hits you with a +0 flail!
You hit the orc. You claw the orc, but do no damage.
You peck the orc, but do no damage.
The orc is severely wounded.
The orc completely misses you.
You closely miss the orc.
The orc is severely wounded.
The orc barely misses you.
You hit the orc but do no damage. You peck the orc.
The orc is almost dead.
The orc hits you with a +0 flail!
* * * LOW HITPOINT WARNING * * *
You are too injured to fight recklessly!
You are too injured to fight recklessly!
You are too injured to fight recklessly!
You are too injured to fight recklessly!
You hit the orc but do no damage. Your kick misses the orc.
You peck the orc, but do no damage.
The orc is almost dead.
The orc hits you with a +0 flail!
* * * LOW HITPOINT WARNING * * *
You barely miss the orc. Your peck misses the orc.
You punch the orc, but do no damage.
The orc is severely wounded.
The orc completely misses you.
You hit the orc but do no damage. You claw the orc, but do no damage.
You peck the orc.
The orc is almost dead.
The orc closely misses you.
You closely miss the orc. Your kick misses the orc. Your peck misses the orc.
The orc is almost dead.
The orc hits you with a +0 flail.
You die...

#.# ....###..#.... #.# #.#.#
#........#og.? #.# #.#.#
#...# #..og... #.#### #.#.#
#...# #..#.... #....# #...#
#.#.###.##.### ####.#
#>..####)#.)...##.# #.#
#...##....g#.####.# #.#
#...##g###.#.# #.# ###.####
#...@og# #...# #..
#......### #..###.###.#.##
.. #.#.##...#
#..###........###
#.####§..####†.........#...#
#.###§§.§§###.###.#.#....###
#.##§§§...§##†#
#.....#....#####
#.#§§§§..§§§#.#
###.########....
#..§.....§§§§.#####.# #....
#.....§_§§§.........# #....


You could see an orc and 2 hobgoblins.

Vanquished Creatures
  4 adders
  A worm (D:2)
  3 orcs (D:3)
  6 endoplasms
  3 giant cockroaches
  4 goblins
  2 hobgoblins
  9 jackals
  7 kobolds
  5 quokkas
  14 ball pythons
  2 bats (D:1)
  A frilled lizard (D:3)
  2 rats (D:2)
63 creatures vanquished.

Notes
Turn   | Place    | Note
-------+----------+-------------------------------------------
     0 | D:1      | sanka the Tengu Enchanter began the quest for the Orb.
     0 | D:1      | Reached XP level 1. HP: 10/10 MP: 4/4
   300 | D:1      | Reached skill level 1 in Fighting
   300 | D:1      | Reached XP level 2. HP: 16/16 MP: 6/6
   644 | D:1      | Reached skill level 3 in Dodging
   744 | D:1      | Reached XP level 3. HP: 21/21 MP: 7/7
   751 | D:1      | Found a faded altar of an unknown god.
  1867 | D:2      | Reached XP level 4. HP: 27/27 MP: 8/8
  3403 | D:3      | Found an iron altar of Okawaru.
  3454 | D:3      | Reached skill level 4 in Dodging
  3511 | D:3      | Found a shadowy altar of Dithmenos.
  3747 | D:3      | HP: 1/28 [orc (7)]
  3750 | D:3      | Slain by an orc

Illustrated notes

Levels and vault maps discovered:
D:1:      ncdulo_wetmaze, layout_loops_ring, ebering_ecumenical_altar_box,
          minivault_14
D:2:      layout_loops_ring
D:3:      minmay_recursive_quarters, layout_loops_ring,
          mainiacjoe_overflow_concentric_impassable,
          nicolae_dithmenos_the_darkroom

Skill      XL: |  1  2  3  4 |
---------------+-------------+-----
Fighting       | 1 2 3 |  3.0
Dodging        | 3 4 |  4.1
Short Blades   | |  1.1
Stealth        | |  3.0
Spellcasting   | |  2.0
Hexes          | |  2.1

Action                   |  1- 3 |  4- 6 || total
-------------------------+-------+-------++-------
Melee: Dagger            |    86 |    50 ||   136
       Kick              |    19 |    22 ||    41
       Peck              |    10 |    16 ||    26
       Whip              |       |    48 ||    48
       Punch             |       |     1 ||     1
 Stab: Sleeping          |    12 |     8 ||    20
Armor: Robe              |     9 |    14 ||    23
Dodge: Dodged            |    52 |    65 ||   117
